[Event "*** Titled Tuesday Blitz"]
[Site "Chess.com"]
[Date "2020.10.20"]
[Round "11"]
[White "VMikhalevski"]
[Black "Zhigalko_Sergei"]
[Result "1-0"]
[WhiteElo "2740"]
[BlackElo "2910"]
[TimeControl "180+1"]
[EndTime "12:07:28 PDT"]
[Termination "VMikhalevski won on time"]

1. Nf3 d5 2. g3 c6 3. Bg2 Bg4 4.
O-O Nd7 5. c4 e6 6. cxd5 exd5 7.
h3 Bh5 8. d3 Bc5 9. e4 Ne7 10.
Nc3 O-O 11. exd5 Nxd5 12. Nxd5 cxd5 13. Qb3 Bxf3 14. Bxf3 Nf6 15. Qxb7 Rb8 16. Qc6 Bd4 17. Rb1 Qa5 18. Bf4 Rfc8 19. Qd6 Qxa2 20. Bg5 Rxb2 21. Rxb2 Qxb2 22. Bxf6 Bxf6 23. Bxd5 Rd8 24. Qc6 Qd4 25. Bc4 Qd7 26. Qf3 Bd4 27. Rb1 Rc8 28. Rb7 Qxh3 29. Rxf7 1-0

[Event "*** Titled Tuesday Blitz"]
[Site "Chess.com"]
[Date "2020.10.20"]
[Round "11"]
[White "orestn"]
[Black "Ty3oB"]
[Result "0-1"]
[WhiteElo "2422"]
[BlackElo "2309"]
[TimeControl "180+1"]
[EndTime "12:07:30 PDT"]
[Termination "Ty3oB won on time"]

1. e4 c5 2. Nf3 d6 3. d4 cxd4 4. Nxd4 Nf6 5. Nc3 a6 6. Bg5 e6 7. f4 Be7 8. Qd3 Qc7 9. O-O-O b5 10.
g3 Bb7 11. Bg2 Nbd7 12. Kb1 b4 13. Nce2 Nc5 14. Qe3 Ncxe4 15. Bxf6 Nxf6 16. Bxb7 Qxb7 17. Rhe1 O-O 18. g4 Nd5 19. Qg3 Bf6 20. g5 Bxd4 21. Nxd4 a5 22. h4 a4 23. h5 Nc3+ 24. bxc3 bxc3+ 25. Nb3 axb3 26. cxb3 c2+ 27. Kxc2 Rxa2+ 28. Kb1 Rfa8 29.
Qc3 Qa6 30. h6 e5 31. fxe5 Rf2 32. Rd2 Rxd2 33. Qxd2 Qa1+ 34. Kc2 Ra2+ 35. Kd3 Rxd2+ 0-1

[Event "*** Titled Tuesday Blitz"]
[Site "Chess.com"]
[Date "2020.10.20"]
[Round "11"]
[White "GukeshDommaraju"]
[Black "JonahWillow"]
[Result "1-0"]
[WhiteElo "2818"]
[BlackElo "2641"]
[TimeControl "180+1"]
[EndTime "12:07:34 PDT"]
[Termination "GukeshDommaraju won by resignation"]

1. d4 Nf6 2. Nf3 e6 3. Bf4 c5 4.
e3 cxd4 5. exd4 b6 6. Nbd2 Bb7 7. Bd3 Be7 8. O-O O-O 9. Qe2 a6 10. h3 d6 11. a4 Re8 12. c3 Bf8 13. Rfe1 Nbd7 14.
Bh2 Qc7 15. a5 bxa5 16. Nc4 e5 17. dxe5 dxe5 18. Nxa5 Bxf3 19. Qxf3 Nc5 20. Bc2 Rab8 21. b4 Ncd7 22. Bb3 Rbc8 23. Rac1 Nb6 24. Qf5 Qd7 25. Qxd7 Nfxd7 26. Bg3 Bd6 27. Red1 Bb8 28. c4 Nf6 29. c5 Nbd7 30. Ba4 Red8 31. Nb7 1-0

[Event "*** Titled Tuesday Blitz"]
[Site "Chess.com"]
[Date "2020.10.20"]
[Round "11"]
[White "gumimis"]
[Black "JoliyRoger"]
[Result "1-0"]
[WhiteElo "2294"]
[BlackElo "2414"]
[TimeControl "180+1"]
[EndTime "12:07:35 PDT"]
[Termination "gumimis won on time"]

1. e4 c6 2. d4 d5 3. Nc3 h6 4. Nf3 Bg4 5. Be3 Nf6 6. h3 Bxf3 7. Qxf3 e6 8. e5 Nfd7 9. Bd3 c5 10. O-O cxd4 11.
Bxd4 Nc6 12. Qe3 Qb8 13. Rae1 a6 14. Kh1 b5 15. a3 Nxd4 16. Qxd4 Qb6 17. Qg4 h5 18.
Qg3 Qd4 19. f4 h4 20. Qg4 g6 21. Bxg6 Nc5 22. Bh5 O-O-O 23. Bxf7 Kb7 24. Bxe6 Nxe6 25. Qxe6 Bc5 26. Rd1 Qc4 27. Nxd5 Rxd5 28. Qxd5+ Qxd5 29. Rxd5 Kc6 30. Rxc5+ 1-0

[Event "*** Titled Tuesday Blitz"]
[Site "Chess.com"]
[Date "2020.10.20"]
[Round "11"]
[White "mamey78"]
[Black "Vanina1989"]
[Result "0-1"]
[WhiteElo "2409"]
[BlackElo "2638"]
[TimeControl "180+1"]
[EndTime "12:07:38 PDT"]
[Termination "Vanina1989 won by resignation"]

1. e4 c6 2. d4 d5 3. exd5 cxd5 4.
c4 Nc6 5. Nc3 Nf6 6. Nf3 g6 7.
Bg5 Bg7 8. Rc1 O-O 9. h3 Bf5 10. c5 Ne4 11. Be3 Qa5 12. Bd3 Nb4 13. Bb1 Nxa2 14.
Bxa2 Nxc3 15. bxc3 Qxa2 16. O-O Qa6 17. Re1 Rfe8 18.
Qb3 Qc6 19. Bg5 Bf6 20. Bf4 a5 21. Ne5 Bxe5 22. Rxe5 a4 23. Qa3 Qb5 24. Rce1 Qb3 25. Qc1 a3 26. Bh6 a2 27. Kh2 a1=Q 28. Qg5 Qxe1 29.
Rxe1 0-1

[Event "*** Titled Tuesday Blitz"]
[Site "Chess.com"]
[Date "2020.10.20"]
[Round "11"]
[White "giantslayer83"]
[Black "Iskusnyh"]
[Result "1-0"]
[WhiteElo "2708"]
[BlackElo "2557"]
[TimeControl "180+1"]
[EndTime "12:07:39 PDT"]
[Termination "giantslayer83 won on time"]

1. d4 d5 2. c4 c6 3. Nf3 Nf6 4. Nc3 a6 5. a4 e6 6. Bg5 a5 7. e3 Be7 8. Bd3 Na6 9. O-O Nb4 10.
e4 Nxd3 11. Qxd3 dxe4 12. Nxe4 Nxe4 13. Bxe7 Nxf2 14. Rxf2 Qxe7 15. d5 O-O 16. d6 Qd8 17.
Rd1 Bd7 18. c5 f6 19. Nd4 e5 20. Nf5 Bxf5 21. Qxf5 b6 22. d7 bxc5 23. Qe6+ Kh8 24. Qxc6 Qe7 25. Rfd2 Rad8 26. Rd6 f5 27. Re6 Qf7 28.
Rxe5 f4 29. Rxc5 f3 30. Qxf3 Qe7 31. Rf5 Rxf5 32. Qxf5 h6 33. h3 Qe2 34. Rd5 Qxb2 35. Qe6 Qc1+ 36. Kh2 Qf4+ 37. Kg1 Qc1+ 38. Kf2 Rf8+ 39.
Rf5 Qc2+ 40. Kg3 Qd3+ 41. Rf3 Rxf3+ 42. gxf3 Kh7 43. Qe4+ 1-0

[Event "*** Titled Tuesday Blitz"]
[Site "Chess.com"]
[Date "2020.10.20"]
[Round "11"]
[White "pfalcon1949"]
[Black "lacafi"]
[Result "0-1"]
[WhiteElo "1982"]
[BlackElo "2120"]
[TimeControl "180+1"]
[EndTime "12:07:41 PDT"]
[Termination "lacafi won by resignation"]

1. c4 f5 2. Nc3 Nf6 3. g3 g6 4. Bg2 Bg7 5. d3 O-O 6. e4 fxe4 7.
dxe4 e6 8. Nge2 d6 9. O-O Nbd7 10. f4 a6 11. f5 exf5 12. exf5 gxf5 13. Rxf5 Ne5 14. Bd5+ Kh8 15. Rf1 c6 16. Bg2 Nxc4 17. Bg5 d5 18. b3 Qb6+ 19. Kh1 Ne3 20. Bxe3 Qxe3 21. Rf3 Qe5 22. Qd3 Bg4 23. Re3 Ne4 24.
Bxe4 dxe4 25. Qc2 Qc5 26. Qd2 Rad8 27. Qc1 Bf3+ 28. Kg1 Rd3 29. Nxe4 Qxe3+ 30. Qxe3 Rxe3 0-1

[Event "*** Titled Tuesday Blitz"]
[Site "Chess.com"]
[Date "2020.10.20"]
[Round "11"]
[White "RobertoJBM"]
[Black "juancruzarias"]
[Result "1-0"]
[WhiteElo "2682"]
[BlackElo "2538"]
[TimeControl "180+1"]
[EndTime "12:07:43 PDT"]
[Termination "RobertoJBM won by resignation"]

1. d4 Nf6 2. c4 c5 3. d5 e5 4. Nc3 d6 5. e4 Nbd7 6. g4 h6 7.
h4 Be7 8. Be3 Nh7 9. Nf3 Ndf8 10. g5 Bg4 11. gxh6 gxh6 12. Be2 Bxf3 13. Bxf3 Bxh4 14.
Bxh6 Nd7 15. Be3 Bg5 16. Qd2 Bxe3 17. Qxe3 Qf6 18. Nb5 Ke7 19. Rh6 Qg5 20. Ke2 Qxe3+ 21. Kxe3 Nhf6 22. Rah1 Rxh6 23. Rxh6 a6 24. Nc3 b5 25.
Ne2 Rb8 26. Ng3 Kd8 27. Rh8+ Kc7 28. Rxb8 Nxb8 29. Be2 b4 30. Nf5 Kd7 31. f4 exf4+ 32.
Kxf4 a5 33. Bd1 Kc7 34. Nh6 Nbd7 35. Nxf7 Nh5+ 36. Bxh5 1-0

[Event "*** Titled Tuesday Blitz"]
[Site "Chess.com"]
[Date "2020.10.20"]
[Round "11"]
[White "rugbyclub"]
[Black "JoachimMouhamad"]
[Result "1-0"]
[WhiteElo "2200"]
[BlackElo "2276"]
[TimeControl "180+1"]
[EndTime "12:07:43 PDT"]
[Termination "rugbyclub won by checkmate"]

1. c4 e5 2. Nc3 Nf6 3. Nf3 Nc6 4.
e3 Bb4 5. Qc2 O-O 6. Nd5 Be7 7.
a3 d6 8. Nxe7+ Qxe7 9. b4 Be6 10. Bb2 Rad8 11. d4 exd4 12. Nxd4 Nxd4 13. Bxd4 b6 14. b5 d5 15. c5 Ne4 16. c6 Bf5 17. Bd3 Qh4 18. O-O Rfe8 19. f3 Rd6 20. fxe4 dxe4 21.
Rxf5 exd3 22. Qxd3 Rh6 23. h3 Rg6 24. Rf3 Qh5 25.
Raf1 h6 26. Qf5 Rg5 27. Qxf7+ Qxf7 28. Rxf7 Rxb5 29. Rxg7+ Kh8 30. Rff7 Rb1+ 31. Kh2 h5 32. Rh7+ Kg8 33. Rfg7+ Kf8 34. Rh8# 1-0

[Event "*** Titled Tuesday Blitz"]
[Site "Chess.com"]
[Date "2020.10.20"]
[Round "11"]
[White "mishanick"]
[Black "SergeyKarjakin"]
[Result "1/2-1/2"]
[WhiteElo "3003"]
[BlackElo "2921"]
[TimeControl "180+1"]
[EndTime "12:07:46 PDT"]
[Termination "Game drawn by agreement"]

1. d4 Nf6 2. c4 e6 3. Nc3 Bb4 4.
Qc2 d5 5. cxd5 Qxd5 6. Nf3 Qf5 7.
Qb3 Nc6 8. Bd2 O-O 9. h3 Bxc3 10. Bxc3 b6 11. e3 Bb7 12. Qb5 Qxb5 13. Bxb5 a6 14. Bd3 a5 15. Rc1 Rfc8 16. a3 Ne7 17. Ke2 Be4 18.
Bc4 Bd5 19. Bd3 Be4 20. Bc4 Bd5 21. Bd2 Kf8 22. Rc2 Be4 23. Rc3 Ned5 24. Rcc1 c5 25. dxc5 Rxc5 26. Ba2 Rac8 27. Rxc5 Rxc5 28. Rc1 Rxc1 29.
Bxc1 Ke7 30. Bd2 Nd7 31. Ne1 Nc7 32. f3 Bd5 33. Bb1 h6 34. Bc3 f6 35. Nd3 Bc4 36. Kf2 e5 37. Bc2 Ne6 38. b4 axb4 39. Bxb4+ Kf7 40. Nb2 Ba2 41. Na4 Bc4 42. Nc3 Nec5 43.
f4 Nd3+ 44. Kg3 Nxb4 45. axb4 exf4+ 46. exf4 Nb8 47. Be4 Na6 48. Bd5+ Bxd5 49. Nxd5 Ke6 50. Nxb6 Nxb4 1/2-1/2

[Event "*** Titled Tuesday Blitz"]
[Site "Chess.com"]
[Date "2020.10.20"]
[Round "11"]
[White "RamyresCoelho"]
[Black "nitpicker"]
[Result "1-0"]
[WhiteElo "2067"]
[BlackElo "2248"]
[TimeControl "180+1"]
[EndTime "12:07:47 PDT"]
[Termination "RamyresCoelho won on time"]

1. e4 d5 2. exd5 Qxd5 3. Nc3 Qd8 4. Bc4 Nf6 5. Nf3 a6 6. Ne5 e6 7. a4 Nbd7 8. Nxd7 Bxd7 9. O-O Bd6 10. d4 Bc6 11. Bg5 O-O 12. d5 exd5 13. Nxd5 Bxd5 14. Bxd5 c6 15. Bf3 h6 16. Bxf6 Qxf6 17. c3 Rad8 18. Qd4 Bxh2+ 19. Kxh2 Rxd4 20. cxd4 Qxd4 21. g3 Qf6 22. Kg2 Rd8 23. b4 Rd3 24. Be2 Rd2 25.
Bf3 Rb2 26. b5 axb5 27. axb5 Rxb5 28. Be4 g6 29. Ra8+ Kg7 30. Rd1 Rb2 31. Bf3 g5 32.
Rdd8 Kh7 33. Be4+ Qg6 34. Rh8+ Kg7 35. Rhg8+ Kf6 36. Bxg6 fxg6 37. Raf8+ Ke5 38. Rxg6 c5 39. Rxh6 b5 40. Re8+ Kd4 41. Rd6+ Kc3 42. Re5 c4 43.
Rxg5 b4 44. Rc5 Rc2 45. g4 b3 46. g5 b2 47. Rb5 Rc1 48. Rdb6 1-0

[Event "*** Titled Tuesday Blitz"]
[Site "Chess.com"]
[Date "2020.10.20"]
[Round "11"]
[White "aloe_normansen"]
[Black "djano"]
[Result "0-1"]
[WhiteElo "2352"]
[BlackElo "2453"]
[TimeControl "180+1"]
[EndTime "12:07:48 PDT"]
[Termination "djano won by resignation"]

1. e4 g6 2. d4 Bg7 3. Nc3 a6 4. Nf3 b5 5. Bd3 Bb7 6. O-O e6 7. a3 Ne7 8. Bf4 d6 9. Re1 Nd7 10. Qd2 h6 11. Ne2 e5 12. Bg3 O-O 13. Rad1 f5 14.
dxe5 fxe4 15. exd6 cxd6 16. Ned4 Nc5 17. b4 Nxd3 18.
cxd3 exf3 19. Ne6 Qd7 20. Nxf8 Rxf8 21. Rc1 Nf5 22. Qa2+ Kh8 23. Rc2 fxg2 24. Rec1 Nd4 25. Rc7 Qh3 26. f4 Nf3+ 27. Kf2 Bd4+ 28. Ke2 Re8+ 29. Kd1 g1=Q+ 30. Kc2 Qhg2+ 0-1

[Event "*** Titled Tuesday Blitz"]
[Site "Chess.com"]
[Date "2020.10.20"]
[Round "11"]
[White "bakki78"]
[Black "Bigfish1995"]
[Result "1-0"]
[WhiteElo "2749"]
[BlackElo "3018"]
[TimeControl "180+1"]
[EndTime "12:07:51 PDT"]
[Termination "bakki78 won on time"]

1. e4 c6 2. d4 d5 3. e5 Bf5 4.
Nf3 e6 5. Be2 h6 6. O-O Nd7 7. c3 a5 8. a4 Ne7 9. Na3 g5 10. Nc2 Bg7 11. Nfe1 f6 12. Bh5+ Kf8 13. f4 gxf4 14. Bxf4 fxe5 15. dxe5 Kg8 16. Nd4 Nxe5 17. Qe2 N7g6 18. Bg3 Qg5 19. Bxg6 Nxg6 20. Nxe6 Bxe6 21. Qxe6+ Kh7 22. Rf7 Rhe8 23. Qd7 Re7 24. Rxe7 Qxe7 25. Qxe7 Nxe7 26. Nd3 Nf5 27. Bf2 Nd6 28. Nc5 b6 29.
Nd7 b5 30. axb5 Nxb5 31. Nc5 Nd6 32. Ne6 Bf6 33. Bd4 Bxd4+ 34. Nxd4 Ra6 35. Kf2 a4 36. Ke2 1-0

[Event "*** Titled Tuesday Blitz"]
[Site "Chess.com"]
[Date "2020.10.20"]
[Round "11"]
[White "VladaSviridova"]
[Black "SchieberSpieler"]
[Result "1/2-1/2"]
[WhiteElo "2275"]
[BlackElo "2421"]
[TimeControl "180+1"]
[EndTime "12:07:52 PDT"]
[Termination "Game drawn by agreement"]

1. d4 d5 2. c4 e6 3. Nf3 Nf6 4.
Nc3 c5 5. cxd5 Nxd5 6. e4 Nxc3 7. bxc3 cxd4 8. cxd4 Bb4+ 9. Bd2 Bxd2+ 10. Qxd2 O-O 11. Rc1 b6 12. Bd3 Bb7 13. O-O Nd7 14. Qf4 Rc8 15. Rxc8 Qxc8 16. Rc1 Qb8 17. Qxb8 Rxb8 18. Rc7 Nf6 19.
Ng5 Ne8 20. Rd7 h6 21. Nxf7 Nf6 22. Rc7 Bxe4 23. Bxe4 Nxe4 24. f3 Ng5 25. Nxg5 hxg5 26. Rxa7 Rd8 27. Rb7 Rxd4 28. Rxb6 Rd1+ 29. Kf2 Rd2+ 30.
Kg3 Rxa2 31. Rxe6 Kf7 32. Re5 Kf6 33. Rb5 Kg6 34. Kh3 Rc2 35. g3 Rc3 36. Kg4 Rc4+ 37.
f4 gxf4 38. gxf4 Rc2 39. Rb6+ Kh7 40. h4 Rg2+ 41. Kf5 Rh2 42. Kg4 Rg2+ 43. Kf3 Rh2 44. Kg3 Rh1 45. Ra6 Rg1+ 46. Kf3 Rh1 47. Kg4 Rg1+ 48. Kf5 Rh1 49. Kg4 1/2-1/2

[Event "*** Titled Tuesday Blitz"]
[Site "Chess.com"]
[Date "2020.10.20"]
[Round "11"]
[White "vova-79"]
[Black "MarceloPlaya"]
[Result "1-0"]
[WhiteElo "2499"]
[BlackElo "2287"]
[TimeControl "180+1"]
[EndTime "12:07:53 PDT"]
[Termination "vova-79 won on time"]

1. d4 e6 2. c4 Nf6 3. Nc3 Bb4 4. e3 c5 5. Ne2 O-O 6. a3 Bxc3+ 7. Nxc3 d6 8. Be2 Qe7 9. b4 b6 10. bxc5 bxc5 11.
dxc5 dxc5 12. O-O Bb7 13. Qc2 Nbd7 14. Rb1 Rab8 15. f3 Rfd8 16. e4 Nb6 17. Be3 Nfd7 18.
Rfd1 Ne5 19. Nb5 a6 20. Rxd8+ Rxd8 21. Na7 Na8 22. Qb2 Nxc4 23. Bxc4 Bxe4 24. fxe4 Qxa7 25.
Qb7 Qxb7 26. Rxb7 h6 27. Bxa6 Rc8 28. Rxf7 Kxf7 29. Bxc8 c4 30. Ba6 c3 31. Bd3 Nc7 32.
Bd4 1-0

[Event "*** Titled Tuesday Blitz"]
[Site "Chess.com"]
[Date "2020.10.20"]
[Round "11"]
[White "TimofeevAr"]
[Black "GothamChess"]
[Result "0-1"]
[WhiteElo "2768"]
[BlackElo "2630"]
[TimeControl "180+1"]
[EndTime "12:07:56 PDT"]
[Termination "GothamChess won by resignation"]

1. e4 c6 2. d4 d5 3. f3 g6 4.
Nc3 Bg7 5. e5 Nh6 6. f4 f6 7.
Nf3 Bg4 8. Be3 Qb6 9. Na4 Qc7 10.
Be2 Nf5 11. Bf2 Bxf3 12. Bxf3 fxe5 13. fxe5 Nd7 14. O-O O-O 15. Nc3 e6 16. Ne2 Bh6 17. Qd3 c5 18. c3 Rac8 19. g4 c4 20. Qc2 Ne3 21. Bxe3 Bxe3+ 22. Kg2 Qd8 23. Ng3 b5 24. Qe2 Bf4 25. a4 b4 26. a5 Rb8 27. Rf2 bxc3 28.
bxc3 Rb3 29. Qc2 Qe7 30. Raf1 Be3 31. Re2 Bh6 32. Ref2 Be3 33. Re2 Bh6 34. Ra1 Rfb8 35. Rf2 Be3 36. Re2 Bf4 37. Rf2 Nf8 38. Ra2 Rb1 39.
Ne2 Bxh2 40. Kxh2 Qh4+ 41. Kg2 Rh1 42. Bxd5 Rh2+ 0-1

[Event "*** Titled Tuesday Blitz"]
[Site "Chess.com"]
[Date "2020.10.20"]
[Round "11"]
[White "paulrusan"]
[Black "JiiHart"]
[Result "1-0"]
[WhiteElo "2232"]
[BlackElo "2079"]
[TimeControl "180+1"]
[EndTime "12:07:57 PDT"]
[Termination "paulrusan won by resignation"]

1. e4 c5 2. b4 cxb4 3. Bb2 Nc6 4. d4 d6 5. d5 Ne5 6. f4 Ng6 7. f5 Ne5 8. Nf3 Nxf3+ 9. Qxf3 Nf6 10. a3 Qb6 11.
Bd3 e5 12. axb4 Be7 13. b5 Bd7 14. c4 O-O 15. Nc3 a6 16. Na4 Qd8 17. c5 dxc5 18.
bxa6 Rxa6 19. Bxa6 bxa6 20. Bxe5 Qa5+ 21. Bc3 Qb5 22. Kf2 Qc4 23. Bxf6 Bxf6 24. Nb6 Qc2+ 25. Kg3 Bxa1 26. Rxa1 Bb5 27. Ra3 Re8 28. Rc3 Qb2 29. Rxc5 Qd4 30. Rc8 Qe5+ 31. Qf4 Qc3+ 32. Rxc3 1-0

[Event "*** Titled Tuesday Blitz"]
[Site "Chess.com"]
[Date "2020.10.20"]
[Round "11"]
[White "aisha_zakirova"]
[Black "alexwinter25"]
[Result "1-0"]
[WhiteElo "2195"]
[BlackElo "2332"]
[TimeControl "180+1"]
[EndTime "12:08:01 PDT"]
[Termination "aisha_zakirova won by resignation"]

1. d4 d5 2. c4 e6 3. Nf3 Nf6 4. Nc3 c6 5. Bg5 Nbd7 6. e3 Be7 7. cxd5 exd5 8. Bd3 O-O 9. Qc2 Re8 10. O-O Nf8 11.
h3 Ne4 12. Bf4 f5 13. a3 Ng6 14. Bh2 Bd6 15. Bxd6 Qxd6 16. b4 Qf6 17. b5 Nh4 18. Nxh4 Qxh4 19. bxc6 bxc6 20. Ne2 Bd7 21. Rab1 Re7 22.
Rb7 Ng5 23. Rfb1 Rf8 24. Rb8 Ne4 25. Rxf8+ Kxf8 26. Bxe4 fxe4 27. Qc5 Kf7 28. Rb7 Qh5 29. Nf4 Qd1+ 30. Kh2 Qd2 31. Qd6 g6 32. Rxd7 Rxd7 33. Qxd7+ Kf6 34. Qxh7 Qxf2 35. Qxg6+ Ke7 36. Qe6+ Kd8 37.
Qd6+ Kc8 38. Qxc6+ Kb8 39. Nxd5 Qf7 40. Qd6+ Kb7 41.
Nf4 Kc8 42. Qe6+ 1-0

[Event "*** Titled Tuesday Blitz"]
[Site "Chess.com"]
[Date "2020.10.20"]
[Round "11"]
[White "Volodar_Murzin"]
[Black "Makswolf200817"]
[Result "1-0"]
[WhiteElo "2614"]
[BlackElo "2449"]
[TimeControl "180+1"]
[EndTime "12:08:02 PDT"]
[Termination "Volodar_Murzin won by resignation"]

1. e4 e6 2. d4 d5 3. Nc3 Bb4 4. e5 c5 5. a3 Bxc3+ 6. bxc3 Qa5 7. Bd2 Qa4 8. h4 Ne7 9. Nf3 Nbc6 10. h5 h6 11. Rh4 Nf5 12. Rf4 c4 13. g4 Nfe7 14. Be2 Bd7 15. Nh2 Rf8 16. Nf1 O-O-O 17. Ng3 Be8 18.
Rf3 Rh8 19. g5 hxg5 20. Bxg5 Rd7 21. Qd2 b5 22. Kf1 Rb7 23. Kg2 a5 24. Qc1 Ng8 25. Nf1 Rxh5 26. Rg3 Rh7 27. Ne3 f6 28.
exf6 gxf6 29. Bf4 Rbg7 30. Nd1 Nge7 31. Nb2 Nf5 32. Nxa4 Nxg3 33. Bxg3 bxa4 34. Qf4 Rf7 35. Rb1 e5 36. Qg4+ Bd7 37. Qg8+ Kc7 38. dxe5 fxe5 39.
Bxe5+ 1-0

[Event "*** Titled Tuesday Blitz"]
[Site "Chess.com"]
[Date "2020.10.20"]
[Round "11"]
[White "ShapkinAnatoliy"]
[Black "Chessdreamer2020"]
[Result "1-0"]
[WhiteElo "2639"]
[BlackElo "2466"]
[TimeControl "180+1"]
[EndTime "12:08:03 PDT"]
[Termination "ShapkinAnatoliy won by checkmate"]

1. d4 d6 2. c4 g6 3. Nc3 Bg7 4. e4 e5 5. Nf3 Nc6 6. d5 Nce7 7. Bd3 h6 8. Qc2 Nf6 9. Be3 O-O 10. h3 Nd7 11.
Nd2 Nc5 12. Be2 a5 13. b3 f5 14. exf5 gxf5 15. g4 f4 16. Bxc5 dxc5 17. Nce4 b6 18. Bd3 Bb7 19. a4 Nc8 20. O-O-O Nd6 21. f3 Nxe4 22. Bxe4 Qe7 23. d6 cxd6 24. Bxb7 Qxb7 25. Ne4 Rad8 26. Rd5 Qc6 27. Rhd1 Rd7 28. Rxd6 Rxd6 29. Rxd6 Qc7 30. Qd3 Re8 31. Rd7 Qc6 32.
Rd6 Qc7 33. Qd5+ Qf7 34. Qxf7+ Kxf7 35. Rxb6 Rd8 36. Rd6 Rxd6 37. Nxd6+ Ke6 38. Ne4 Bf8 39. Kc2 Be7 40. Kd3 Kd7 41. Nc3 Kc6 42. Ke4 Kd6 43.
Nb5+ Ke6 44. Nc7+ Kd6 45. Nd5 Bd8 46. Kf5 Kc6 47. Nc3 Kd6 48. Ne4+ Kc6 49. Kxe5 Bc7+ 50.
Kf5 Bb8 51. Kg6 Bc7 52. Kxh6 Kd7 53. Kg7 Ke6 54. h4 Ke5 55. h5 Kd4 56. h6 Ke3 57.
h7 Kxf3 58. h8=Q Kxe4 59. Qe8+ Kd3 60. Qd7+ Ke2 61. Qxc7 f3 62. Qe5+ Kf1 63. g5 f2 64.
g6 Kg1 65. Qg3+ Kh1 66. Qh3+ Kg1 67. Kf6 f1=Q+ 68. Qxf1+ Kxf1 69. g7 Ke2 70. g8=Q Kd3 71. Qb8 Kc2 72. Qb5 Kc3 73. Ke5 Kb2 74. Kd5 Kc2 75.
Kxc5 Kc3 76. Kb6 Kb2 77. Kxa5 Ka3 78. Kb6 Kb2 79. a5 Kc3 80. a6 Kd4 81. a7 Kd3 82.
b4 Kc3 83. a8=Q Kb3 84. Qf3+ Kc2 85. Qg5 Kb1 86. Qgg2 Kc1 87. Qff1# 1-0

[Event "*** Titled Tuesday Blitz"]
[Site "Chess.com"]
[Date "2020.10.20"]
[Round "11"]
[White "Evachess2006"]
[Black "DonBroca"]
[Result "0-1"]
[WhiteElo "1622"]
[BlackElo "2141"]
[TimeControl "180+1"]
[EndTime "12:08:03 PDT"]
[Termination "DonBroca won on time"]

1. e4 c5 2. c3 Nf6 3. e5 Nd5 4.
d4 cxd4 5. Nf3 Nc6 6. cxd4 e6 7. Nc3 Nb6 8. Bd3 d6 9. exd6 Qxd6 10. Be3 Be7 11.
O-O O-O 12. Ne4 Qc7 13. Rc1 Nd5 14. Nc5 Bf6 15. Ne4 Bd7 16. Nxf6+ Nxf6 17. Ne5 Qd6 18. Nxc6 Bxc6 19. Qe2 Rfd8 20. Bb5 Rac8 21. Bxc6 Rxc6 22.
Rxc6 Qxc6 23. Rc1 Qd5 24. a3 Qb3 25. Qc2 Qxc2 26. Rxc2 Nd5 27. Kf1 Kf8 28. Ke2 Ke7 29.
Kd3 Kd6 30. Rc1 Rd7 31. g3 Rc7 0-1

[Event "*** Titled Tuesday Blitz"]
[Site "Chess.com"]
[Date "2020.10.20"]
[Round "11"]
[White "Borsuk_Konstantin"]
[Black "Chessalary"]
[Result "0-1"]
[WhiteElo "2564"]
[BlackElo "2392"]
[TimeControl "180+1"]
[EndTime "12:08:05 PDT"]
[Termination "Chessalary won on time"]

1. d4 Nf6 2. c4 g6 3. Nc3 Bg7 4. e4 O-O 5. Be3 d6 6. f3 Nbd7 7. Qd2 e5 8. d5 Nh5 9. O-O-O f5 10. exf5 gxf5 11. Nge2 f4 12. Bf2 Ndf6 13. Ne4 Nxe4 14. fxe4 Bg4 15. Ng1 Bxd1 16. Qxd1 f3 17. Nxf3 Nf4 18.
g3 Ng6 19. Bh3 Qf6 20. Bf5 Ne7 21. g4 Nxf5 22. gxf5 Bh6+ 23. Kc2 Kh8 24. Bh4 Qf7 25. h3 Rg8 26. Nh2 Rg2+ 27. Kb3 b5 28. cxb5 Rb8 29. a4 c6 30. Ng4 cxb5 31. a5 Qc7 32. Qd3 Qxa5 33. Bf6+ Bg7 34. Bxg7+ Kxg7 35. f6+ Kf8 0-1

[Event "*** Titled Tuesday Blitz"]
[Site "Chess.com"]
[Date "2020.10.20"]
[Round "11"]
[White "AlexTriapishko"]
[Black "MokshanovAlexey"]
[Result "1-0"]
[WhiteElo "2801"]
[BlackElo "2578"]
[TimeControl "180+1"]
[EndTime "12:08:07 PDT"]
[Termination "AlexTriapishko won by resignation"]

1. Nf3 d5 2. g3 Nf6 3. Bg2 e6 4. O-O Be7 5. b3 O-O 6. Bb2 b6 7. c4 Bb7 8. e3 c5 9. Nc3 dxc4 10. bxc4 Nc6 11. Qe2 Rc8 12. d3 Qd7 13. Rad1 Rfd8 14. Ne1 Na5 15. f4 Bxg2 16. Nxg2 Ne8 17. g4 Nc6 18. g5 Nd6 19. Nh4 Bf8 20. Ba1 Ne7 21. e4 Nc6 22. Nf3 Nd4 23. Qg2 Nxf3+ 24. Qxf3 Nb7 25. f5 Na5 26. g6 hxg6 27. fxg6 fxg6 28. Ne2 Nc6 29. Nf4 Nd4 30. Bxd4 Qxd4+ 31. Kh1 Bd6 32. Nxg6 Qb2 33. Qh5 1-0

[Event "*** Titled Tuesday Blitz"]
[Site "Chess.com"]
[Date "2020.10.20"]
[Round "11"]
[White "C_K_G"]
[Black "AleksibFan"]
[Result "1/2-1/2"]
[WhiteElo "2164"]
[BlackElo "2566"]
[TimeControl "180+1"]
[EndTime "12:08:08 PDT"]
[Termination "Game drawn by repetition"]

1. e4 d5 2. Nf3 dxe4 3. Ng5 Nf6 4.
Bc4 e6 5. Qe2 Nc6 6. c3 Ne5 7.
Nxe4 Nxc4 8. Qxc4 Be7 9. Nxf6+ Bxf6 10. d4 O-O 11. O-O b6 12. Bf4 Bb7 13. Qxc7 Qd5 14.
f3 Rfd8 15. Bg3 g5 16. Bf2 e5 17. c4 Qd7 18. Qxd7 Rxd7 19. dxe5 Bxe5 20. Nc3 Bxc3 21. bxc3 Ba6 22. Rfd1 Rxd1+ 23. Rxd1 Bxc4 24. a3 Be6 25. Be3 f6 26. Rd6 Kf7 27. Rc6 Ke7 28. Rc7+ Bd7 29.
Bd4 Kd6 30. Rc4 b5 31. Rc5 Rf8 32. Kf2 Rf7 33. c4 a6 34. Ke3 Re7+ 35. Kf2 Rf7 36. Rd5+ Ke6 37. Rc5 Kd6 1/2-1/2

[Event "*** Titled Tuesday Blitz"]
[Site "Chess.com"]
[Date "2020.10.20"]
[Round "11"]
[White "Fins0905"]
[Black "chesstrainer2042"]
[Result "1-0"]
[WhiteElo "2625"]
[BlackElo "2464"]
[TimeControl "180+1"]
[EndTime "12:08:09 PDT"]
[Termination "Fins0905 won by resignation"]

1. d4 d5 2. c4 c6 3. Nf3 Nf6 4.
Qc2 dxc4 5. Qxc4 Bg4 6. Nbd2 Nbd7 7. g3 Qc7 8. Bg2 e5 9. O-O exd4 10. Nxd4 Ne5 11.
Qc2 Be7 12. Nf5 O-O 13. Nxe7+ Qxe7 14. Nb3 Rfe8 15. Be3 Nd5 16. Bc5 Qe6 17. Rfe1 Rad8 18. f4 Nd7 19. e4 Nxc5 20. Nxc5 Qe7 21. exd5 Qxe1+ 22. Rxe1 Rxe1+ 23. Kf2 Re2+ 24. Qxe2 Bxe2 25. dxc6 Bb5 26. cxb7 Kf8 27. a4 Bc4 28. b3 Bxb3 29. Nxb3 Ke7 30. Nc5 1-0

[Event "*** Titled Tuesday Blitz"]
[Site "Chess.com"]
[Date "2020.10.20"]
[Round "11"]
[White "Gloomy_Wanderer"]
[Black "GiantThresher"]
[Result "1/2-1/2"]
[WhiteElo "2715"]
[BlackElo "2824"]
[TimeControl "180+1"]
[EndTime "12:08:10 PDT"]
[Termination "Game drawn by repetition"]

1. d4 d5 2. c4 e6 3. Nf3 c5 4. cxd5 exd5 5. g3 Nc6 6. Bg2 Nf6 7. O-O cxd4 8. Nxd4 Bc5 9. Nb3 Bb6 10. Bg5 h6 11. Bxf6 Qxf6 12. Nc3 d4 13. Nd5 Qd8 14.
Nxb6 axb6 15. Bxc6+ bxc6 16. Qxd4 O-O 17. Qxd8 Rxd8 18.
Rfd1 Rxd1+ 19. Rxd1 Be6 20. Nd4 Rxa2 21. Rd2 Bd5 22. f3 c5 23. Nb5 Bc4 24. Nc3 Ra1+ 25.
Kf2 Rc1 26. h4 b5 27. Ne4 Be6 28. Ke3 Kf8 29. Rd8+ Ke7 30. Rb8 Bc4 31. b3 Bxb3 32.
Rxb5 c4 33. Nd2 Rc3+ 34. Kd4 Rc2 35. Ke3 Rc3+ 36. Kf2 Ba2 37. Rb7+ Ke6 38. Rb6+ Ke7 39. Rb7+ Ke6 40. Rb6+ Ke7 41. Rb7+ 1/2-1/2

[Event "*** Titled Tuesday Blitz"]
[Site "Chess.com"]
[Date "2020.10.20"]
[Round "11"]
[White "scarabee43"]
[Black "vovachesss"]
[Result "1-0"]
[WhiteElo "2537"]
[BlackElo "2687"]
[TimeControl "180+1"]
[EndTime "12:08:12 PDT"]
[Termination "scarabee43 won on time"]

1. Nf3 d5 2. e3 Nf6 3. c4 c6 4. Nc3 Bg4 5. cxd5 cxd5 6. Qb3 Nc6 7. Qxb7 Bd7 8. Qb3 Rb8 9. Qd1 e5 10. Bb5 e4 11. Bxc6 Bxc6 12. Nd4 Bd7 13. O-O Bd6 14. b3 Bxh2+ 15. Kxh2 Ng4+ 16. Kg3 h5 17. Qe2 Qc7+ 18. f4 exf3+ 19. Kxf3 h4 20. Qe1 h3 21.
gxh3 Qh2 22. Nxd5 f5 23. Rf2 Rxh3+ 24. Ke2 Qe5 25. Nf4 Nxe3 26. dxe3 Rxe3+ 27. Bxe3 Rc8 28. Rc1 Rxc1 29. Qxc1 1-0